 Dungeon Crawl Stone Soup version 0.17-a0-1778-gd369669 (webtiles) character file.

44 ololoev the Cudgeler (level 3, -1/29 HPs)
             Began as a Draconian Skald on Sept 8, 2015.
             Slain by Natasha (9 damage)
             ... on level 2 of the Dungeon.
             The game lasted 00:02:40 (1290 turns).

ololoev the Cudgeler (Draconian Skald)              Turns: 1290, Time: 00:02:40

Health: -1/29      AC:  5    Str: 14    XL:     3   Next: 39%
Magic:  3/6        EV: 12    Int: 12    God:
Gold:   81         SH:  0    Dex: 11    Spells: 2 memorised, 3 levels left

rFire  . . .     SeeInvis .     a - +0 mace
rCold  . . .     Clarity  .     (armour unavailable)
rNeg   . . .     SustAt   .     (no shield)
rPois  .         Gourm    .     (helmet restricted)
rElec  .         Spirit   .     (no cloak)
rCorr  .         Warding  .     (no gloves)
rMut   .         Stasis   .     (no boots)
MR     .....                    (no amulet)
Stlth  +.........               (no ring)
                                (no ring)

@: infused, slowed, very slow, not resistant to hostile enchantments, very
unstealthy
A: unfitting armour, cold-blooded, AC +5
a: no special abilities


Innate Abilities, Weirdness & Mutations

Your plain brown scales are hard (AC +5).
Your body does not fit into most forms of armour.
You are cold-blooded and may be slowed by cold attacks.

Inventory:

Hand weapons
 a - a +0 mace (weapon)
Scrolls
 d - 2 scrolls of remove curse {unknown}
 f - a scroll of recharging {unknown}
 g - 4 scrolls of teleportation {unknown}
 j - a scroll of identify {unknown}
 k - a scroll of enchant weapon {unknown}
Potions
 e - a potion of mutation {unknown}
 h - a potion of lignification {unknown}
 l - a potion of brilliance {unknown}
Books
 b - a book of Battle

   Spells                             Type                      Level
   a - Infusion                       Charms                       1
   b - Shroud of Golubria             Charms/Translocation         2
   c - Song of Slaying                Charms                       2
   d - Spectral Weapon                Hexes/Charms                 3
   e - Regeneration                   Charms/Necromancy            3
Comestibles
 c - 2 bread rations
 i - 6 chunks of flesh
 m - a royal jelly


   Skills:
 - Level 2.1 Fighting
 + Level 3.8 Maces & Flails
 - Level 1.3 Dodging
 - Level 2.0 Spellcasting
 - Level 2.6 Charms


You had 3 spell levels left.
You knew the following spells:

 Your Spells              Type           Power        Failure   Level  Hunger
a - Infusion              Chrm           #.....       12%         1    ##.....
b - Song of Slaying       Chrm           #.......     14%         2    ###....


You were on level 2 of the Dungeon.
You were not hungry.

You visited 1 branch of the dungeon, and saw 2 of its levels.

You collected 81 gold pieces.

##. #.. ###.. #.... #....
########.# #....
##........# #.# #.#.. ####.
#.###.# #.# #.#..
.....###..@h5# #)# #.##.
#.....##### #.# #.##.
##.#.## #.# #.##. #...#
#.####.### ##.## ###
#.##.....# #.# ##.##
#.##.#.#.# #.# ##...##
#.........
#.###.....######.#.#.#
######.##..................

Notes
Turn   | Place    | Note
--------------------------------------------------------------
     0 | D:1      | ololoev the Draconian Skald began the quest for the Orb.
     0 | D:1      | Reached XP level 1. HP: 17/17 MP: 3/3
   204 | D:1      | Reached XP level 2. HP: 18/24 MP: 5/5
   208 | D:1      | Learned a level 2 spell: Song of Slaying
   518 | D:1      | Reached skill level 3 in Maces & Flails
  1007 | D:2      | Reached XP level 3. HP: 26/29 MP: 6/6
  1281 | D:2      | Noticed Natasha
  1290 | D:2      | Slain by Natasha

Dungeon Overview and Level Annotations

Branches:
Dungeon (2/15)

Altars:

Annotations:
D:2 Natasha


Message History

The hobgoblin hits you but does no damage.
You hit the hobgoblin. You tail-slap the hobgoblin.
You kill the hobgoblin!
Things that are here:
a club; a hobgoblin corpse You butcher the hobgoblin corpse.
i - 6 chunks of flesh (gained 4)
You see here a club.
g - 4 scrolls labeled NOITAOFEXT (gained 1)
k - a scroll labeled AWKEKO SIGA
Found a hand axe.
You now have 73 gold pieces (gained 9).
l - a bubbling orange potion
m - a royal jelly You now have 81 gold pieces (gained 8).
Natasha, Servant of Life and Death comes into view.
Natasha hisses angrily.
Casting: Infusion
Confirm with . or Enter, or press ? or * to list all spells.
You begin infusing your attacks with magical energy.
Natasha stares at you and mumbles some strange words.
The magic dart hits you!
You barely miss Natasha. Natasha closely misses you.
Natasha claws you but does no damage.
You hit Natasha but do no damage.
Natasha casts a spell.
You hit Natasha.
Your tail-slap misses Natasha.
Natasha is moderately wounded.
Natasha claws you!
You hit Natasha.
Your tail-slap misses Natasha.
Natasha is heavily wounded.
Natasha casts a spell at you.
You feel yourself slow down.
You closely miss Natasha.
Natasha is heavily wounded.
Natasha barely misses you. Natasha closely misses you.
You hit Natasha.
Natasha is heavily wounded.
Natasha claws you! x2
You die...

You could see Natasha and a white imp.

Vanquished Creatures
  An adder (D:2)
  A worm (D:2)
  3 bats
  9 hobgoblins
  A ball python (D:1)
  2 giant cockroaches (D:2)
  2 giant newts
  6 goblins
  3 kobolds
  4 rats (D:1)
32 creatures vanquished.

Action                   || total
-------------------------++-------
Melee: Mace              ||    90
 Cast: Infusion          ||     3
       Song of Slaying   ||     1
 Stab: Sleeping          ||     1
  Eat: Chunk             ||     1

Vault maps used:
D:1:      minmay_arrival_loop
D:2:      bloody_makhleb, uniq_natasha
